Workbook

Sheet 报价汇总-.NET方案
B1: AI-DOP数字化运营平台开发报价清单（.NET方案）
A2: 负责 | B2: 项目工时明细 | E2: 预估人天 | F2: 人天单价（税前） | G2: 费用合计 | H2: 核心产出物 | I2: 备注 | J2: 复用比例
A3: OT | B3: 项目准备及业务蓝图设计 | C3: 单项小计 | E3: 80 | F3: 1800 | G3: =E3*F3 -> 144000 | H3: 《业务需求说明书》
A4: IT | B4: 技术方案设计 | C4: 单项小计 | E4: ='报价明细-.NET方案'!E20 -> 25 | F4: 1200 | G4: =E4*F4 -> 30000 | H4: 《概要设计说明书》、《技术规范书》、
A5: IT | B5: 功能开发和业务实现 | C5: 运营建模 | D5: 前端： | E5: ='报价明细-.NET方案'!E23 -> 10 | F5: 1200 | G5: =E5*F5 -> 12000 | H5: 源代码、《单元测试报告》、《接口设计说明书》、《集成测试报告》 | I5: 仅业务逻辑可参考，但开发还是全新开发 | J5: 65%
D6: 后端：
D7: 数据库
A8: IT | C8: 产销协同 | E8: ='报价明细-.NET方案'!E28 -> 7 | F8: 1200 | G8: =E8*F8 -> 8400 | I8: 仅业务逻辑可参考，但开发还是全新开发 | J8: 55%
A9: IT | C9: 制造协同 | E9: 7 | F9: 1200 | G9: =E9*F9 -> 8400 | I9: 仅业务逻辑可参考，但开发还是全新开发 | J9: 55%
A10: IT | C10: 供应协同 | E10: ='报价明细-.NET方案'!E38 -> 8 | F10: 1200 | G10: =E10*F10 -> 9600 | I10: 仅业务逻辑可参考，但开发还是全新开发 | J10: 55%
A11: IT | C11: 采购执行 | E11: ='报价明细-.NET方案'!E42 -> 6 | F11: 1200 | G11: =E11*F11 -> 7200 | I11: 仅业务逻辑可参考，但开发还是全新开发 | J11: 50%
A12: IT | C12: 物料仓储和内物流 | E12: ='报价明细-.NET方案'!E48 -> 5 | F12: 1200 | G12: =E12*F12 -> 6000 | J12: 45%
A13: IT | C13: 生产执行 | E13: ='报价明细-.NET方案'!E52 -> 5 | F13: 1200 | G13: =E13*F13 -> 6000 | J13: 45%
A14: IT | C14: 成品仓储和外物流 | E14: ='报价明细-.NET方案'!E56 -> 3 | F14: 1200 | G14: =E14*F14 -> 3600 | J14: 45%
A15: IT | C15: 全流程即时异常监控 | E15: 13 | F15: 1200 | G15: =E15*F15 -> 15600 | J15: 35%
A16: IT | C16: 九宫格智慧运营看板 | E16: ='报价明细-.NET方案'!E70 -> 12.5 | F16: 1200 | G16: =E16*F16 -> 15000 | J16: 40%
A17: IT | C17: 运营问题诊断 | E17: ='报价明细-.NET方案'!E73 -> 10 | F17: 1200 | G17: =E17*F17 -> 12000 | J17: 0%
A18: IT | C18: 运营问题改善闭环 | E18: ='报价明细-.NET方案'!E76 -> 10 | F18: 1200 | G18: =E18*F18 -> 12000 | J18: 0%
A19: IT | C19: ChatBI智能报表 | E19: ='报价明细-.NET方案'!E79 -> 10 | F19: 1200 | G19: =E19*F19 -> 12000 | J19: 0%
A20: IT | C20: APP端（仅Android） | E20: ='报价明细-.NET方案'!F81 -> 30 | F20: 1200 | G20: =E20*F20 -> 36000 | J20: 0%
A21: IT | C21: 系统模块集成 | E21: ='报价明细-.NET方案'!F88 -> 27 | F21: 1200 | G21: =E21*F21 -> 32400 | J21: 0%
A22: IT | B22: 数据库迁移 （SQL Server转MySQL） | C22: 数据库模型迁移 | E22: ='报价明细-.NET方案'!E89 -> 5 | F22: 1200 | G22: =E22*F22 -> 6000 | J22: 50%
A23: IT | C23: 存储过程重构 | E23: ='报价明细-.NET方案'!E90 -> 5 | F23: 1200 | G23: =E23*F23 -> 6000 | J23: 50%
A24: IT | C24: 程序调用迁移 | E24: ='报价明细-.NET方案'!E91 -> 5 | F24: 1200 | G24: =E24*F24 -> 6000 | J24: 50%
A25: OT | B25: 业务逻辑UAT测试 | C25: 业务逻辑UAT测试 | E25: 85 | F25: 1200 | G25: =E25*F25 -> 102000 | H25: 《UAT报告》、《操作手册》 | J25: 0%
A26: IT | B26: 系统部署和上线 | C26: 上线数据准备 | E26: ='报价明细-.NET方案'!F102 -> 23 | F26: 1200 | G26: =E26*F26 -> 27600 | J26: 0%
A27: IT | C27: 上线及运行支持 | E27: ='报价明细-.NET方案'!F105 -> 10 | F27: 1200 | G27: =E27*F27 -> 12000 | H27: 《验收报告》、《运维手册》 | J27: 0%
A28: IT | B28: 项目管理 | E28: ='报价明细-.NET方案'!E106 -> 10 | F28: 1500 | G28: =E28*F28 -> 15000 | H28: 《项目管理计划》、周度会议纪要、项目总结 | J28: 0%
B29: 总工时(人天) | E29: =SUM(E3:E28) -> 411.5 | G29: =SUM(G3:G28) -> 544800
B31: 费用占比分析
B32: 工作内容分项 | C32: 负责职能 | D32: 人天 | E32: 费用 | F32: 费用占比
B33: 项目准备及业务蓝图设计 | C33: OT | D33: 80 | E33: 144000 | F33: =E33/E40 -> 0.26431718
B34: 技术方案设计 | C34: IT | D34: 25 | E34: 30000 | F34: =E34/E40 -> 0.055066079
B35: 功能开发和业务实现 | C35: IT | D35: 163.5 | E35: 196200 | F35: =E35/E40 -> 0.36013216
B36: 数据库迁移 （SQL Server转MySQL） | C36: IT | D36: 15 | E36: 18000 | F36: =E36/E40 -> 0.033039648
B37: 业务逻辑UAT测试 | C37: OT | D37: 85 | E37: 102000 | F37: =E37/E40 -> 0.18722467 | J37: 0%
B38: 系统部署和上线 | C38: IT+OT | D38: 33 | E38: 39600 | F38: =E38/E40 -> 0.072687225 | J38: 0%
B39: 项目管理 | C39: IT+OT | D39: 10 | E39: 15000 | F39: =E39/E40 -> 0.02753304 | J39: 0%
B40: 小结 | D40: =SUM(D33:D39) -> 411.5 | E40: =SUM(E33:E39) -> 544800

Sheet 报价明细-.NET方案
A1: AI-DOP数字化运营平台开发工时清单（.NET方案）
A2: 项目工时明细 | D2: 开发人数 | E2: 开发天数 | F2: 预估人天 | G2: 备注
A3: 项目准备及业务蓝图设计 | B3: 产销协同蓝图设计 | D3: 1 | E3: 11 | F3: 11
B4: 制造协同蓝图设计 | D4: 1 | E4: 11 | F4: 11
B5: 供应协同蓝图设计 | D5: 1 | E5: 11 | F5: =D5*E5 -> 11
B6: 采购执行蓝图设计 | D6: 1 | E6: 5 | F6: =D6*E6 -> 5
B7: 物料仓储和内物流蓝图设计 | D7: 1 | E7: 4 | F7: =D7*E7 -> 4
B8: 生产执行蓝图设计 | D8: 1 | E8: 4 | F8: =D8*E8 -> 4
B9: 成品仓储和外物流蓝图设计 | D9: 1 | E9: 4 | F9: =D9*E9 -> 4
B10: 全流程即时异常监控蓝图设计 | D10: 3 | E10: 5 | F10: =D10*E10 -> 15
B11: 全流程绩效测量和改善蓝图设计 | D11: 3 | E11: 5 | F11: =D11*E11 -> 15
B12: 单项小计 | F12: =SUM(F3:F11) -> 80
A13: 技术方案设计 | B13: 系统架构 | D13: 1 | E13: 5 | F13: 5
B14: 数据库设计 | D14: 1 | E14: 4 | F14: 4
B15: 算法设计 | D15: 1 | E15: 5 | F15: =D15*E15 -> 5
B16: 功能设计 | D16: 1 | E16: 3 | F16: =D16*E16 -> 3
B17: 安全设计 | D17: 1 | E17: 3 | F17: =D17*E17 -> 3
B18: 接口设计 | D18: 1 | E18: 3 | F18: =D18*E18 -> 3
B19: 设计文档 | D19: 1 | E19: 2 | F19: =D19*E19 -> 2
B20: 单项小计 | E20: =SUM(E13:E19) -> 25 | F20: =SUM(F13:F19) -> 25
A21: 功能开发和业务实现 | B21: 运营建模 | C21: 数据建模 | D21: 1 | E21: 5 | F21: =D21*E21 -> 5
C22: 业务建模 | D22: 1 | E22: 5 | F22: =D22*E22 -> 5
C23: 单项小计 | D23: =SUM(D21:D22) -> 2 | E23: =SUM(E21:E22) -> 10 | F23: =SUM(F21:F22) -> 10
B24: 产销协同 | C24: 订单管理 | D24: 1 | E24: 2 | F24: =D24*E24 -> 2
C25: 工单管理 | D25: 1 | E25: 2 | F25: =D25*E25 -> 2
C26: 计划管理 | D26: 1 | E26: 2 | F26: =D26*E26 -> 2
C27: 产销协同看板 | D27: 1 | E27: 1 | F27: =D27*E27 -> 1
C28: 单项小计 | D28: =SUM(D24:D27) -> 4 | E28: =SUM(E24:E27) -> 7 | F28: =SUM(F24:F27) -> 7
B29: 制造协同 | C29: 制造需求管理 | D29: 1 | E29: 2 | F29: =D29*E29 -> 2
C30: 生产排程 | D30: 1 | E30: 2 | F30: 2
C31: 作业计划 | D31: 1 | E31: 2 | F31: =D31*E31 -> 2
C32: 制造协同看板 | D32: 1 | E32: 1 | F32: =D32*E32 -> 1
C33: 单项小计 | D33: =SUM(D29:D32) -> 4 | E33: =SUM(E29:E32) -> 7 | F33: =SUM(F29:F32) -> 7
B34: 供应协同 | C34: 物料计划 | D34: 1 | E34: 2 | F34: =D34*E34 -> 2
C35: 齐套管理 | D35: 1 | E35: 3 | F35: 3
C36: 采购管理 | D36: 1 | E36: 2 | F36: =D36*E36 -> 2
C37: 供应协同看板 | D37: 1 | E37: 1 | F37: =D37*E37 -> 1
C38: 单项小计 | D38: =SUM(D34:D37) -> 4 | E38: =SUM(E34:E37) -> 8 | F38: =SUM(F34:F37) -> 8
B39: 采购执行 | C39: 交货管理 | D39: 1 | E39: 2 | F39: =D39*E39 -> 2
C40: 在线协同 | D40: 1 | E40: 3 | F40: 3
C41: 采购执行看板 | D41: 1 | E41: 1 | F41: =D41*E41 -> 1
C42: 单项小计 | D42: =SUM(D39:D41) -> 3 | E42: =SUM(E39:E41) -> 6 | F42: =SUM(F39:F41) -> 6
B43: 物料仓储和内物流 | C43: 来料检验IQC | D43: 1 | E43: 1 | F43: =D43*E43 -> 1
C44: 采购入库 | D44: 1 | E44: 1 | F44: =D44*E44 -> 1
C45: 生产领料 | D45: 1 | E45: 1 | F45: =D45*E45 -> 1
C46: 调拨、退料、补料管理 | D46: 1 | E46: 1 | F46: =D46*E46 -> 1
C47: 仓库盘点管理 | D47: 1 | E47: 1 | F47: =D47*E47 -> 1
C48: 单项小计 | D48: =SUM(D43:D47) -> 5 | E48: =SUM(E43:E47) -> 5 | F48: =SUM(F43:F47) -> 5
B49: 生产执行 | C49: 过程检验IPQC | D49: 1 | E49: 2 | F49: =D49*E49 -> 2
C50: 生产报工管理 | D50: 1 | E50: 2 | F50: =D50*E50 -> 2
C51: 生产看板管理 | D51: 1 | E51: 1 | F51: =D51*E51 -> 1
C52: 单项小计 | D52: =SUM(D49:D51) -> 3 | E52: =SUM(E49:E51) -> 5 | F52: =SUM(F49:F51) -> 5
B53: 成品仓储和外物流 | C53: 成品检验FQC | D53: 1 | E53: 1 | F53: =D53*E53 -> 1
C54: 生产入库 | D54: 1 | E54: 1 | F54: =D54*E54 -> 1
C55: 销售出库 | D55: 1 | E55: 1 | F55: =D55*E55 -> 1
C56: 单项小计 | D56: =SUM(D53:D55) -> 3 | E56: =SUM(E53:E55) -> 3 | F56: =SUM(F53:F55) -> 3
B57: 全流程即时异常监控 | C57: Andon沟通和执行管理 | D57: 1 | E57: 3 | F57: =D57*E57 -> 3
C58: SIM沟通和执行管理 | D58: 1 | E58: 3 | F58: =D58*E58 -> 3
C59: 异常问题统计和分析 | D59: 1 | E59: 3 | F59: =D59*E59 -> 3
C60: 配置管理 | D60: 1 | E60: 2 | F60: 3
C61: 异常监控大屏 | D61: 1 | E61: 1 | F61: =D61*E61 -> 1
C62: 单项小计 | D62: =SUM(D57:D61) -> 5 | E62: =SUM(E57:E61) -> 12 | F62: =SUM(F57:F61) -> 13
B63: 九宫格智慧运营看板 | C63: 产销协同 | D63: 1 | E63: 2 | F63: =D63*E63 -> 2
C64: 制造协同 | D64: 1 | E64: 2 | F64: =D64*E64 -> 2
C65: 供应协同 | D65: 1 | E65: 2 | F65: =D65*E65 -> 2
C66: 采购执行 | D66: 1 | E66: 2 | F66: =D66*E66 -> 2
C67: 物料仓储和内物流 | D67: 1 | E67: 1.5 | F67: =D67*E67 -> 1.5
C68: 生产执行 | D68: 1 | E68: 1.5 | F68: =D68*E68 -> 1.5
C69: 成品仓储和外物流 | D69: 1 | E69: 1.5 | F69: =D69*E69 -> 1.5
C70: 单项小计 | D70: =SUM(D63:D69) -> 7 | E70: =SUM(E63:E69) -> 12.5 | F70: =SUM(F63:F69) -> 12.5
B71: 运营问题诊断 | C71: 各流程九宫格下钻 | D71: 1 | E71: 5 | F71: =D71*E71 -> 5
C72: 诊断报表 | D72: 1 | E72: 5 | F72: =D72*E72 -> 5
C73: 单项小计 | D73: =SUM(D71:D72) -> 2 | E73: =SUM(E71:E72) -> 10 | F73: =SUM(F71:F72) -> 10
B74: 运营问题改善闭环 | C74: 基于诊断的改善建议 | D74: 1 | E74: 5 | F74: =D74*E74 -> 5
C75: 改善效果验证 | D75: 1 | E75: 5 | F75: =D75*E75 -> 5
C76: 单项小计 | D76: =SUM(D74:D75) -> 2 | E76: =SUM(E74:E75) -> 10 | F76: =SUM(F74:F75) -> 10
B77: ChatBI智能报表 | C77: ChatBI的自然语言模型配置 | D77: 1 | E77: 5 | F77: =D77*E77 -> 5
C78: ChatBI报表呈现 | D78: 1 | E78: 5 | F78: =D78*E78 -> 5
C79: 单项小计 | D79: =SUM(D77:D78) -> 2 | E79: =SUM(E77:E78) -> 10 | F79: =SUM(F77:F78) -> 10
B80: APP端开发 | C80: APP开发（仅Android） | D80: 1 | E80: 30 | F80: =D80*E80 -> 30 | G80: 不含 iOS
C81: 单项小计 | D81: =SUM(D80:D80) -> 1 | E81: =SUM(E80:E80) -> 30 | F81: =SUM(F80:F80) -> 30
B82: 系统集成 | C82: 架构适用 | D82: 1 | E82: 4 | F82: =D82*E82 -> 4
C83: 各模块集成 | D83: 1 | E83: 5 | F83: =D83*E83 -> 5
C84: 各接口集成 | D84: 1 | E84: 3 | F84: =D84*E84 -> 3
C85: 测试用例编制 | D85: 1 | E85: 5 | F85: =D85*E85 -> 5
C86: 模块单元测试 | D86: 1 | E86: 5 | F86: =D86*E86 -> 5
C87: 模块集成测试 | D87: 1 | E87: 5 | F87: =D87*E87 -> 5
C88: 单项小计 | D88: =SUM(D82:D87) -> 6 | F88: =SUM(F82:F87) -> 27
A89: 数据库迁移 （SQL Server转MySQL） | C89: 数据库模型迁移 | D89: 1 | E89: 5 | F89: =D89*E89 -> 5
C90: 存储过程重构 | D90: 1 | E90: 5 | F90: =D90*E90 -> 5
C91: 程序调用迁移 | D91: 1 | E91: 5 | F91: =D91*E91 -> 5
C92: 单项小计 | D92: =SUM(D89:D91) -> 3 | F92: =SUM(F89:F91) -> 15
A93: UAT业务逻辑测试 | C93: UAT方案 | D93: 3 | E93: 5 | F93: =D93*E93 -> 15
C94: 测试用例编制 | D94: 4 | E94: 5 | F94: =D94*E94 -> 20
C95: UAT测试 | D95: 5 | E95: 10 | F95: =D95*E95 -> 50
C96: 单项小计 | D96: =SUM(D93:D95) -> 12 | F96: =SUM(F93:F95) -> 85
A97: 系统部署和上线 | B97: 上线准备 | C97: 用户操作手册编写 | D97: 2 | E97: 3 | F97: =D97*E97 -> 6
C98: 运维手册编写 | D98: 2 | E98: 2 | F98: =D98*E98 -> 4
C99: 制定上线方案 | D99: 1 | E99: 3 | F99: =D99*E99 -> 3
C100: 关键用户培训 | D100: 1 | E100: 5 | F100: =D100*E100 -> 5
...
